 Dungeon Crawl Stone Soup version 0.32-a0-841-g4648e6c457 (webtiles) character file.

Game seed: 10889785219765700240

60559 oldriver the Warrior (level 15, -12/185 HPs)
             Began as an Oni Shapeshifter on Mar 27, 2024.
             Was a High Priest of Qazlal.
             Mangled by an enormous slime creature (61 damage)
             ... on level 13 of the Dungeon.
             The game lasted 00:36:00 (32812 turns).

oldriver the Warrior (Oni Shapeshifter)            Turns: 32812, Time: 00:36:00

Health: -12/185    AC:  6    Str: 28    XL:     15   Next: 0%
Magic:  22/22      EV:  8    Int: 11    God:    Qazlal [*****.]
Gold:   1195       SH:  7    Dex:  8    Spells: 14/14 levels left

rFire   . .          .
                       - Unarmed
rCold   . . .        (shield currently unavailable)
rNeg    . . .        d - +0 troll leather armour
rPois   +            (helmet restricted)
rElec   .            g - +0 cloak
rCorr   .            (gloves unavailable)
SInv    +            (boots unavailable)
Will    +....        L - amulet of faith
Stlth   +            M - ring of poison resistance
HPRegen 1.30/turn    m - ring of see invisible
MPRegen 0.18/turn

%: repel missiles, faith
@: blade hands, protected from physical damage
A: large, unfitting armour, horns 1, tough skin 1, double potion healing,
drunken brawling
a: Begin Untransformation, Renounce Religion, Upheaval, Elemental Force,
Disaster Area


You were on level 13 of the Dungeon.
You worshipped Qazlal.
Qazlal was extremely pleased with you.
You had blades for hands.
You visited 3 branches of the dungeon, and saw 19 of its levels.
You also visited: Sewer.

You collected 1225 gold pieces.
You spent 30 gold pieces at shops.

Inventory:

Hand Weapons
 u - a +4 heavy hand axe
Missiles
 a - 3 atropa-tipped darts
 h - 35 poisoned darts
 q - 15 javelins
 r - 5 curare-tipped darts
Armour
 d - a +0 troll leather armour (worn)
 g - a +0 cloak (worn)
Jewellery
 m - a ring of see invisible (right blade hand)
 w - a ring of willpower
 y - a ring of protection from fire
 L - an amulet of faith (around neck)
 M - a ring of poison resistance (left blade hand)
 O - a ring of flight
 V - an amulet of guardian spirit
 Y - an amulet of reflection
Talismans
 c - a beast talisman
 o - a storm talisman
 R - a blade talisman (active)
Wands
 l - a wand of flame (40)
 D - a wand of paralysis (13)
 F - a wand of polymorph (17)
 G - a wand of mindburst (11)
 H - a wand of digging (14)
 I - a wand of roots (11)
Scrolls
 k - 3 scrolls of fog
 s - 10 scrolls of fear
 z - 2 scrolls of blinking
 B - 2 scrolls of poison
 J - 2 scrolls of revelation
 W - 4 scrolls of teleportation
 Z - a scroll of amnesia
Potions
 e - 3 potions of might
 f - 4 potions of enlightenment
 i - 4 potions of magic
 j - 2 potions of cancellation {unknown}
 n - 3 potions of heal wounds
 t - 3 potions of curing
 v - 2 potions of haste {unknown}
 x - a potion of invisibility {unknown}
 C - 2 potions of brilliance {unknown}
 E - 4 potions of mutation
 P - a potion of attraction {unknown}
 Q - 2 potions of ambrosia {unknown}
Miscellaneous
 b - a phial of floods
 X - a lightning rod (4/4)


   Skills:
 * Level 20.6 Fighting
 + Level 2.1 Armour
 + Level 2.9 Dodging
 + Level 11.0 Unarmed Combat
 + Level 10.4 Invocations
 * Level 13.3 Shapeshifting


You had 14 spell levels left.
You didn't know any spells.
Your spell library contained the following spells:

 Spells                   Type           Power      Damage    Failure   Level
 Kiss of Death            Conj/Necr      0%         2d5       36%         1
 Magic Dart               Conj           0%         1d3       36%         1
 Cigotuvi's Dreadful Rot  Necr/Alch/Air  0%         N/A       52%         2
 Ensorcelled Hibernation  Hex/Ice        0%         N/A       52%         2
 Lesser Beckoning         Tloc           0%         N/A       52%         2
 Confusing Touch          Hex            0%         N/A       75%         3
 Fugue of the Fallen      Necr           0%         N/A       75%         3
 Gell's Gravitas          Tloc           0%         N/A       75%         3
 Summon Ice Beast         Ice/Summ       0%         N/A       75%         3
 Teleport Other           Tloc           0%         N/A       75%         3
 Anguish                  Hex/Necr       0%         N/A       98%         4
 Cause Fear               Hex            0%         N/A       98%         4
 Dispel Undead            Necr           0%         3d6       98%         4
 Ignite Poison            Fire/Alch      0%         N/A       98%         4
 Martyr's Knell           Necr/Summ      0%         N/A       98%         4
 Summon Blazeheart Golem  Fire/Summ      0%         N/A       98%         4
 Freezing Cloud           Conj/Ice/Air   0%         6-21      100%        5
 Summon Mana Viper        Hex/Summ       0%         N/A       100%        5
 Dispersal                Tloc           0%         N/A       100%        6
 Enfeeble                 Hex            0%         N/A       100%        7
 Monstrous Menagerie      Summ           0%         N/A       100%        7
 Dragon's Call            Summ           0%         N/A       100%        9


Dungeon Overview and Level Annotations

Branches:
Dungeon (13/15)            Temple (1/1) D:7            Lair (5/5) D:10
 Shoals (0/4) Lair:3        Snake (0/4) Lair:2        Slime (0/5) Lair:5
    Orc (0/2) D:11         Vaults (0/5) D:13          Sewer (visited)

Altars:
Ashenzari
Cheibriados
Dithmenos
Elyvilon
Fedhas
Gozag
Hepliaklqana
Kikubaaqudgha
Makhleb
Nemelex Xobeh
Okawaru
Qazlal
Ru
Sif Muna
Trog
Uskayaw
Vehumet
Wu Jian
Xom
Yredelemnul
Zin
The Shining One
Beogh
Jiyva

Shops:
D:3 *?   D:6 [   D:8 [

Annotations:
D:13 4 transporters
Lair:4 exclusion: oklob plant
Lair:5 exclusions: obsidian statue and 2 oklob plants


Innate Abilities, Weirdness & Mutations

You have blades for hands.
You are incapable of wielding weapons or throwing items.
You are too large for most types of armour.
You have a pair of small horns on your head.
You have tough skin. (AC +1)
You gain doubled healing and magic from potions.
Whenever you drink a healing potion, you attack all around you.


Message History

F - a wand of polymorph (17) (gained 3 charges)
You open the door.
There is an open door here.
You open the door. 4 slime creatures and a deep elf pyromancer come into view.
The slime creature quivers.
The deep elf pyromancer shouts!
Two slime creatures merge to form a large slime creature.
The slime creature moves out of view.
There are monsters nearby!
There are monsters nearby!
You shred the large slime creature!!!
The large slime creature is moderately wounded.
Two slime creatures merge to form a very large slime creature.
You shred the very large slime creature!!!
You headbutt the very large slime creature!
The very large slime creature is heavily wounded.
You slice the very large slime creature!!
The very large slime creature is severely wounded.
You slash the very large slime creature!
The very large slime creature is almost dead.
The deep elf pyromancer mumbles some strange words.
The very large slime creature hits you!!!
You feel protected from physical attacks.
The slime creature is engulfed in blazing flames.
Two slime creatures merge to form an enormous slime creature.
You slice the enormous slime creature!!
The enormous slime creature is severely wounded.
You slash the enormous slime creature! x2
The enormous slime creature is almost dead.
The enormous slime creature hits you!!!!
* * * LOW HITPOINT WARNING * * *
You feel more protected from physical attacks.
The deep elf pyromancer casts a spell.
The deep elf pyromancer blinks!
You slash the enormous slime creature!
You headbutt the enormous slime creature, but do no damage.
The enormous slime creature is almost dead.
The enormous slime creature hits you!!!
You die...

##########.................
#..........................
#..............######......
#..............# #......
#.........##+### #......
#.........'....# #......
#..^......#...#######......
###########...#............
.....EJ@.§.#............
.....○##°..#.......#.#..
.##.. #.°.#.........#∩. #e
#...#....(..#.### ..
#...######....... .. .....
#..#.#.# . .....# #.......
....# #......# #......#


You could see an enormous slime creature, a deep elf pyromancer and a fire
elemental (summoned).

Vanquished Creatures
  A dire elephant (Lair:5)
  A yaktaur captain (D:13)
  Harold (Lair:1)
  2 hydras
  2 centaur warriors (D:13)
  7 death yaks
  2 boulder beetles
  6 two-headed ogres
  The ghost of xianbchi the Zephyrmancer, a journeyman TeAE of Beogh (D:10)
  Sonja (Lair:3)
  A spectral death yak (Lair:5)
  A spectral anaconda (Lair:5)
  Amaemon (Lair:1)
  A skyshark (Lair:4)
  A deep elf pyromancer (D:13)
  4 necromancers (Lair:5)
  2 cyclopes (D:12)
  3 black mambas
  An orange demon (Lair:1)
  15 elephants
  A black mamba (shapeshifter) (D:13)
  13 cane toads
  Joseph (D:8)
  A torpor snail (Lair:3)
  A dire elephant skeleton (Lair:5)
  An unseen horror (D:12)
  2 rime drakes
  2 yaktaurs (D:13)
  Maggie (Lair:1)
  3 komodo dragons
  3 kobold demonologists (D:11)
  4 trolls
  A polar bear (Lair:2)
  2 hornets
  17 blink frogs
  A spectral elephant (Lair:5)
  2 shadows
  51 yaks
  2 vampires
  A wyvern (Lair:5)
  A steam dragon (D:8)
  10 vampire mosquitoes
  7 basilisks
  A warg (D:11)
  A death yak simulacrum (Lair:5)
  3 spectral cane toads (Lair:5)
  An acid dragon (D:13)
  19 water moccasins
  2 black bears (Lair:3)
  A swamp drake (D:10)
  9 orc warriors
  An ice beast (D:6)
  3 sky beasts
  An elephant skeleton (Lair:5)
  8 centaurs
  4 ogres
  16 wolves
  2 phantoms
  5 kobold brigands
  Blork the orc (D:5)
  13 bullfrogs
  2 brain worms (Sewer)
  3 scorpions
  3 cane toad simulacra (Lair:5)
  8 wights
  12 killer bees
  6 electric eels
  4 howler monkeys (D:8)
  A bombardier beetle (D:4)
  6 orc priests
  4 jellies
  3 gnoll boudas
  4 hounds
  22 orc wizards
  4 iguanas
  A sleepcap (D:6)
  Natasha (thrice) (D:2)
  Robin (D:2)
  7 gnolls
  11 adders
  5 river rats
  2 shadow imps
  3 ribbon worms
  12 dart slugs
  32 orcs
  17 ball pythons
  13 endoplasms
  3 giant cockroaches (D:1)
  8 hobgoblins
  9 jackals
  7 quokkas
  3 bats
  9 frilled lizards
  15 goblins
  30 kobolds
  9 rats
555 creatures vanquished.

Vanquished Creatures (collateral kills)
  2 elephants (Lair:5)
2 creatures vanquished.

Vanquished Creatures (others)
  A kobold (D:11)
1 creature vanquished.

Grand Total: 558 creatures vanquished

Notes
Turn   | Place    | Note
-------+----------+-------------------------------------------
     0 | D:1      | oldriver the Oni Shapeshifter began the quest for the Orb.
     0 | D:1      | Reached XP level 1. HP: 19/19 MP: 1/1
   173 | D:1      | Reached skill level 2 in Fighting
   181 | D:1      | Reached XP level 2. HP: 25/28 MP: 2/2
   339 | D:1      | Reached XP level 3. HP: 36/36 MP: 3/3
   351 | D:1      | Reached skill level 3 in Fighting
   852 | D:2      | Identified the +4 ring mail of the Sky {rN+ MP-9 Str+2}
   911 | D:2      | Noticed Robin
  1060 | D:1      | Reached XP level 4. HP: 25/45 MP: 4/4
  1195 | D:2      | Killed Robin
  1461 | D:2      | Reached skill level 4 in Fighting
  1821 | D:2      | Noticed Natasha
  1831 | D:2      | Killed Natasha
  1951 | D:3      | Reached XP level 5. HP: 55/55 MP: 5/5
  2222 | D:2      | Noticed Natasha
  2230 | D:2      | Killed Natasha
  2249 | D:2      | Noticed Natasha
  2255 | D:2      | Killed Natasha
  2256 | D:2      | Reached skill level 5 in Fighting
  2480 | D:3      | Found Tuhatzo's Magic Scroll Boutique.
  2578 | D:3      | Noticed an ogre
  2591 | D:3      | Killed an ogre
  2592 | D:3      | Reached XP level 6. HP: 66/66 MP: 6/6
  2909 | D:3      | Found Aseighie's General Store.
  2919 | D:3      | Bought a scroll of teleportation for 30 gold pieces
  3287 | D:4      | Reached skill level 6 in Fighting
  3824 | D:4      | Reached XP level 7. HP: 73/76 MP: 7/7
  3962 | D:4      | Found a sparkling altar of Nemelex Xobeh.
  4244 | D:4      | Found a bloodstained altar of Trog.
  4279 | D:4      | Reached skill level 7 in Fighting
  4535 | D:5      | Entered Level 5 of the Dungeon
  4647 | D:5      | Noticed Blork the orc
  4655 | D:5      | Killed Blork the orc
  4726 | D:5      | Reached skill level 8 in Fighting
  4737 | D:5      | Found a glowing drain.
  4746 | Sewer    | Entered a sewer
  4876 | Sewer    | Reached XP level 8. HP: 88/88 MP: 8/8
  4964 | Sewer    | Reached skill level 5 in Shapeshifting
  5091 | Sewer    | Reached skill level 5 in Unarmed Combat
  5659 | D:5      | Reached skill level 9 in Fighting
  6738 | D:6      | Reached skill level 10 in Fighting
  6889 | D:6      | Reached XP level 9. HP: 59/101 MP: 9/9
  7300 | D:6      | Found Yzeugah's Antique Armour Emporium.
  7462 | D:6      | Found a shimmering blue altar of Sif Muna.
  7488 | D:6      | Found an ancient bone altar of Kikubaaqudgha.
  7497 | D:6      | Reached skill level 11 in Fighting
  7501 | D:6      | Found a radiant altar of Vehumet.
  7554 | D:6      | Got Vehumet's Monograph on the Fifth Circle
  7792 | D:7      | Found a staircase to the Ecumenical Temple.
  8090 | Temple   | Entered the Ecumenical Temple
  8111 | Temple   | Became a worshipper of Qazlal Stormbringer
  8232 | D:7      | Reached skill level 1 in Invocations
  8287 | D:7      | Found a basalt altar of Yredelemnul.
  9154 | D:7      | Reached skill level 12 in Fighting
  9772 | D:7      | Found a blossoming altar of Fedhas.
  9955 | D:8      | Found a burning altar of Makhleb.
 10036 | D:8      | Found a sacrificial altar of Ru.
 10055 | D:8      | Reached XP level 10. HP: 61/115 MP: 11/13
 10058 | D:8      | Reached * piety under Qazlal
 10314 | D:8      | Found Sonesoad's Antique Armour Shop.
 10349 | D:8      | Noticed Joseph
 10361 | D:8      | Killed Joseph
 10585 | D:8      | Reached skill level 5 in Invocations
 10647 | D:8      | Noticed a two-headed ogre
 10657 | D:8      | Killed a two-headed ogre
 10658 | D:8      | Reached skill level 13 in Fighting
 10676 | D:8      | Found an opulent altar of Gozag.
 11657 | D:8      | Found a glowing golden altar of the Shining One.
 11657 | D:8      | Found an ornate altar of the Wu Jian Council.
 12478 | D:9      | Reached ** piety under Qazlal
 12581 | D:9      | Reached XP level 11. HP: 120/125 MP: 16/16
 12877 | D:9      | Noticed a two-headed ogre
 12885 | D:9      | Killed a two-headed ogre
 12886 | D:9      | Reached skill level 14 in Fighting
 13596 | D:9      | Paralysed by a hornet for 3 turns
 13601 | D:9      | Paralysed by a hornet for 3 turns
 13945 | D:10     | Entered Level 10 of the Dungeon
 14774 | D:10     | Found a snail-covered altar of Cheibriados.
 14775 | D:10     | Found an iron altar of Okawaru.
 14775 | D:10     | Found a glowing silver altar of Zin.
 15150 | D:10     | Found a staircase to the Lair.
 15300 | D:10     | Identified the +7 longbow of the Heavens {speed, rElec
                  | Will+ Int-3 Dex+5}
 16276 | D:10     | Found a runed translucent gate.
 16277 | D:10     | Found a runed translucent gate.
 16277 | D:10     | Noticed xianbchi's ghost (journeyman TeAE)
 16278 | D:10     | Found a runed translucent gate.
 16278 | D:10     | Identified the +0 chain mail of Kathenotheism {rF+ Int+3
                  | Dex+3}
 16370 | D:10     | Found a roughly hewn altar of Beogh.
 16487 | Lair:1   | Entered Level 1 of the Lair of Beasts
 16808 | D:10     | Reached skill level 15 in Fighting
 17978 | Lair:1   | Noticed Harold
 17989 | Lair:1   | Killed Harold
 18026 | Lair:1   | Reached XP level 12. HP: 77/143 MP: 19/19
 18053 | Lair:1   | Reached skill level 10 in Invocations
 18227 | Lair:1   | Noticed a death yak
 18227 | Lair:1   | Noticed a death yak
 18227 | Lair:1   | Noticed a death yak
 18281 | Lair:1   | Killed a death yak
 18290 | Lair:1   | Killed a death yak
 18579 | Lair:1   | Reached skill level 16 in Fighting
 18836 | Lair:1   | Noticed Maggie
 18842 | Lair:1   | Killed Maggie
 19376 | Lair:1   | You fall into a shaft and drop 1 floor!
 19499 | Lair:1   | Noticed Amaemon
 19507 | Lair:1   | Killed Amaemon
 19542 | Lair:1   | Noticed a death yak
 19543 | Lair:1   | Noticed a death yak
 19566 | Lair:1   | Killed a death yak
 19901 | Lair:1   | Killed a death yak
 19909 | Lair:1   | Killed a death yak
 20177 | Lair:2   | Noticed a five-headed hydra
 20194 | Lair:2   | Killed a five-headed hydra
 20195 | Lair:2   | Reached skill level 10 in Shapeshifting
 20369 | Lair:2   | Reached skill level 17 in Fighting
 20482 | Lair:2   | Noticed a boulder beetle
 20818 | Lair:2   | Killed a boulder beetle
 21313 | Lair:2   | Found a staircase to the Snake Pit.
 21328 | Lair:2   | Reached *** piety under Qazlal
 21356 | Lair:2   | Reached XP level 13. HP: 90/156 MP: 20/20
 21829 | Lair:2   | Got the Incunable of Apparitions
 22140 | Lair:3   | Noticed Sonja
 22419 | Lair:3   | Found a staircase to the Shoals.
 22672 | Lair:3   | Killed Sonja
 23230 | Lair:3   | Reached skill level 18 in Fighting
 23993 | Lair:3   | Reached **** piety under Qazlal
 25371 | Lair:4   | Reached skill level 10 in Unarmed Combat
 25607 | Lair:4   | Found a basalt altar of Yredelemnul.
 25921 | Lair:5   | Entered Level 5 of the Lair of Beasts
 26208 | Lair:5   | Reached skill level 19 in Fighting
 26971 | Lair:5   | Reached XP level 14. HP: 170/172 MP: 21/21
 27148 | Lair:5   | Found a viscous altar of Jiyva.
 27751 | Lair:5   | Noticed a dire elephant
 28356 | Lair:5   | Reached ***** piety under Qazlal
 28719 | Lair:5   | Killed a dire elephant
 29093 | Lair:5   | Reached skill level 20 in Fighting
 29405 | Lair:5   | Found a staircase to the Slime Pits.
 29775 | D:10     | Killed xianbchi's ghost
 29860 | D:10     | Identified the +1 pair of boots of Amorality {Dex+5 SInv}
 30251 | D:11     | Found a staircase to the Orcish Mines.
 30809 | D:11     | Reached skill level 1 in Armour
 32243 | D:13     | Found a transporter.
 32245 | D:13     | Found a transporter.
 32563 | D:13     | Found a transporter.
 32568 | D:13     | Found a transporter.
 32723 | D:13     | Reached XP level 15. HP: 185/185 MP: 22/22
 32741 | D:13     | Found a gate to the Vaults.
 32812 | D:13     | Mangled by an enormous slime creature

Illustrated notes

Levels and vault maps discovered:
D:1:      eino_arrival_tree_alley, layout_basic
D:2:      layout_basic, uniq_natasha, uniq_robin
D:3:      layout_basic, serial_shops, shop, shop, nrook_campfire
D:4:      kennysheep_slugbush, layout_basic, bloody_trog,
          nemelex_dance_club_becter, minmay_bent
D:5:      layout_loops_ring, portal_sewer_entry_b, kennysheep_generic_room_13,
          uniq_blork_the_orc
D:6:      layout_cave_pods, palyth_temple_overflow_mages, serial_shops, shop
D:7:      minmay_skewed_foursquare, layout_basic, fedhas_altar_decomposition,
          nicolae_overflow_crystal_walls, minmay_temple_entry_wispy,
          kennysheep_path_1, st_stairs_14
D:8:      minmay_flawed_box, layout_gridville, jmf_multi_god_temple,
          nicolae_gozag_cash_rules_everything_around_me,
          mainiacjoe_overflow_brackets, nicolae_ru_sacrificial_ziggurat,
          serial_shops, shop, uniq_joseph
D:9:      layout_loops_cross, kennysheep_generic_room_16
D:10:     layout_irregular_city, chequers_temple_overflow_statue_of_worship,
          erik_lair_dragon, biasface_ghost_orc_armoury
D:11:     layout_basic, minmay_orc_entry_guard_dogs
D:12:     layout_cross, hangedman_decor_opposing
D:13:     layout_gridville, david_vaults_2, minivault_26, drop_trap,
          serial_nicolae_subway, nicolae_sub_station_metal,
          nicolae_sub_station_stone, nicolae_sub_station_crystal
Temple:   nicolae_temple_great_sept
Lair:1:   wander_river, layout_small_grid, uniq_maggie, uniq_amaemon,
          uniq_harold
Lair:2:   layout_cave_pods, minmay_snake_entry_six_corridors, patterned_corridor
Lair:3:   layout_roguey, elwin_shoals_entry_rocks, serial_bayou,
          serial_bayou_lake_a, serial_bayou_crossing, serial_bayou_pond_a,
          serial_bayou_pond_d, serial_bayou_pond_a, serial_bayou_pond_d,
          beast_lair_carwin_1, uniq_sonja
Lair:4:   layout_regular_city, lemuel_oklob_altar
Lair:5:   due_jungle_book, layout_regular_city, minmay_slime_entry_oklob_open,
          grunt_megastairs_2

Skill      XL: |  1  2  3  4  5  6  7  8  9 10 11 12 13 14 |
---------------+-------------------------------------------+-----
Fighting       | 2 3 4 5 6 8 10 12 13 15 17 19 20 | 20.6
Unarmed Combat | 3 4 5 6 7 8 9 10 11 | 11.0
Shapeshifting  | 4 5 6 7 8 10 12 13 | 13.3
Invocations    | 4 7 9 10 | 10.4
Dodging        | 2 |  2.9
Armour         | 2 |  2.1

Action                     |  1- 3 |  4- 6 |  7- 9 | 10-12 | 13-15 || total
---------------------------+-------+-------+-------+-------+-------++-------
  Melee: Unarmed           |   106 |   152 |   405 |   594 |   544 ||  1801
         Headbutt          |    12 |    30 |    95 |   157 |   121 ||   415
         Punch             |       |     4 |    15 |    27 |    42 ||    88
  Throw: Dart              |       |       |       |    10 |       ||    10
 Invoke: Upheaval          |       |       |       |     7 |       ||     7
         Elemental Force   |       |       |       |       |     1 ||     1
  Evoke: Wand              |       |     2 |     5 |    13 |       ||    20
    Use: Scroll            |       |     6 |    11 |     3 |     6 ||    26
         Potion            |       |       |     1 |     3 |       ||     4
   Stab: Sleeping          |     1 |     1 |       |       |       ||     2
 Armour: Animal skin       |    83 |   110 |   257 |   155 |       ||   605
         Skin              |       |       |       |   204 |       ||   204
         Steam dragon scal |       |       |       |   106 |   450 ||   556
         Troll leather arm |       |       |       |       |    50 ||    50
  Dodge: Dodged            |    38 |    78 |   135 |   299 |   161 ||   711
         Repelled          |       |       |       |       |    11 ||    11
  Block: Other             |       |       |       |    66 |   125 ||   191
   Form: Flux              |       |       |       |     1 |       ||     1
         Beast             |       |       |       |     1 |       ||     1
         Blade             |       |       |       |     1 |       ||     1

Table legend: (Time is in decaauts)
 A = Elapsed time spent in this place.
 B = Non-inter-level travel time spent in this place.
 C = Inter-level travel time spent in this place.
 D = Time resting spent in this place.
 E = Time spent auto-exploring this place.
 F = Levels seen in this place.
 G = Mean time per level.
                   A        B        C        D        E       F      G
               +--------+--------+--------+--------+--------+-----+--------+
         Total |  32606 |  31387 |   1219 |   9420 |  17593 |  20 | 1630.3 |
       Dungeon |  19630 |  18704 |    926 |   4905 |  11181 |  13 | 1510.0 |
        Temple |     32 |     22 |     10 |      0 |      0 |   1 |   32.0 |
          Lair |  12060 |  11778 |    282 |   4329 |   5973 |   5 | 2412.0 |
         Sewer |    882 |    882 |      0 |    186 |    439 |   1 |  882.0 |
               +--------+--------+--------+--------+--------+-----+--------+

Top non-repeatable levels by time:
    D:10: 3548 daAuts
  Lair:5: 3409 daAuts
  Lair:1: 3022 daAuts
     D:7: 2512 daAuts
  Lair:2: 2435 daAuts
     D:8: 2131 daAuts
     D:9: 1735 daAuts
  Lair:3: 1675 daAuts
  Lair:4: 1517 daAuts
    D:11: 1410 daAuts
     D:3: 1308 daAuts
     D:6: 1209 daAuts
     D:2: 1148 daAuts
     D:5: 1092 daAuts
     D:4: 1065 daAuts
